[Event "Early-Titled-Tuesday-Blitz-February-27-2024"]
[Site "Chess.com"]
[Date "2024.02.27"]
[Round "6"]
[White "Egor_Koshulyan"]
[Black "kids2010"]
[Result "1/2-1/2"]
[WhiteElo "2661"]
[BlackElo "2890"]
[TimeControl "180+1"]
[EndTime "9:04:46 PST"]
[Termination "Game drawn by repetition"]

1. e4 c6 2. Nf3 d5 3. d3 dxe4 4.
dxe4 Qxd1+ 5. Kxd1 Nf6 6. Nfd2 h5 7. a4 g5 8. a5 g4 9. c3 Bh6 10. Kc2 Be6 11. f3 Nbd7 12. Nc4 Bxc1 13. Kxc1 O-O-O 14. Nbd2 Nc5 15. Kc2 h4 16. b4 Ncd7 17. f4 Bxc4 18. Bxc4 e5 19. Rhf1 exf4 20. Rxf4 h3 21. g3 Nh5 22.
Rxf7 Ne5 23. Be6+ Kb8 24. Rf5 Ng6 25. Rg5 Ne7 26. Bxg4 Nf6 27. Bf3 Rh6 28. Rf1 Nh7 29. Rg7 Ng6 30. a6 bxa6 31. Be2 Ne5 32. Bxa6 Rhd6 33. Nb3 Nf6 34. Nc5 Neg4 35. Kb3 Nxh2 36.
Rh1 Nf3 37. Rxh3 Nd2+ 38. Kc2 Ndxe4 39. Nxe4 Nxe4 40. Rhh7 Rd2+ 41. Kb3 Nd6 42. Rxa7 Rd1 43. Rad7 Rf8 44. Kc2 Rd5 45. c4 Rf2+ 46. Kc1 Rf1+ 47. Kc2 Rf2+ 48. Kc1 Rf1+ 49. Kc2 Rf2+ 1/2-1/2

[Event "Early-Titled-Tuesday-Blitz-February-27-2024"]
[Site "Chess.com"]
[Date "2024.02.27"]
[Round "6"]
[White "Brave_spirit12"]
[Black "phantom19801127"]
[Result "1-0"]
[WhiteElo "2707"]
[BlackElo "2532"]
[TimeControl "180+1"]
[EndTime "9:04:46 PST"]
[Termination "Brave_spirit12 won by resignation"]

1. e4 c5 2. c3 d5 3. exd5 Nf6 4.
d4 cxd4 5. Qxd4 Qxd5 6. Nf3 Nc6 7. Qxd5 Nxd5 8. Na3 Bf5 9. Bb5 Bd7 10. O-O e6 11. Nc2 Be7 12. Ncd4 Nxd4 13. Bxd7+ Kxd7 14. Nxd4 Rhc8 15. Rd1 Ke8 16. Ne2 a6 17. Nf4 Nf6 18. h3 h6 19. Be3 b5 20. Nd3 Nd5 21. Bd2 f6 22. a4 Kf7 23. axb5 axb5 24. Nf4 Nxf4 25.
Bxf4 e5 26. Be3 Ke6 27. Kf1 h5 28. Ke2 g5 29. Kd3 h4 30. Kc2 f5 31. Re1 Kf7 32.
Bb6 Bf6 33. Rxa8 Rxa8 34. Rd1 Ke6 35. Bc5 Rd8 36. Rxd8 Bxd8 37. Kb3 Ba5 38. c4 bxc4+ 39. Kxc4 g4 40. b4 Bc7 41. b5 e4 42. b6 Bb8 43. b7 f4 44. f3 gxh3 45. gxh3 exf3 46. Bf2 Ke5 47. Bxh4 Ke4 48. Bf2 Be5 49. h4 Kf5 50.
Kd5 Bb8 51. Kc6 1-0

[Event "Early-Titled-Tuesday-Blitz-February-27-2024"]
[Site "Chess.com"]
[Date "2024.02.27"]
[Round "6"]
[White "Rawnsdale"]
[Black "GMJustin"]
[Result "1-0"]
[WhiteElo "2527"]
[BlackElo "2341"]
[TimeControl "180+1"]
[EndTime "9:04:48 PST"]
[Termination "Rawnsdale won on time"]

1. e4 e5 2. Nf3 Nc6 3. Bb5 a6 4. Ba4 Nf6 5. O-O Be7 6. Re1 b5 7. Bb3 d6 8. h3 Na5 9. c3 Nxb3 10.
axb3 Bb7 11. d3 O-O 12. Nbd2 Nd7 13. Nf1 f5 14. Ng3 f4 15. Nf1 g5 16. d4 Bf6 17.
N3h2 Qe8 18. g4 Kg7 19. Nf3 h5 20. N1h2 Rh8 21. b4 Rd8 22. Kg2 exd4 23. Qc2 dxc3 24. bxc3 Qg6 25. Bb2 Rde8 26. c4 Bxe4 27. Bxf6+ Nxf6 28. Qc3 hxg4 29. Nxg4 Bxf3+ 30. Qxf3 Nxg4 31. Qxg4 Rxe1 32. Rxe1 Rf8 33. cxb5 axb5 34. Re6 Qf5 35. Re7+ Kf6 36.
Rxc7 Qxg4+ 37. hxg4 Re8 38. Rb7 Re5 39. Kf3 Rd5 40.
Ke4 Ke6 41. f3 Re5+ 42. Kd4 Re3 43. Rxb5 Rxf3 44. Rxg5 Rf1 45. b5 f3 46. Ke3 Rb1 47.
Kxf3 1-0

[Event "Early-Titled-Tuesday-Blitz-February-27-2024"]
[Site "Chess.com"]
[Date "2024.02.27"]
[Round "6"]
[White "LuisFSiles"]
[Black "NtcPou"]
[Result "0-1"]
[WhiteElo "2301"]
[BlackElo "2012"]
[TimeControl "180+1"]
[EndTime "9:04:49 PST"]
[Termination "NtcPou won by resignation"]

1. e4 c6 2. d4 d5 3. exd5 cxd5 4. c4 Nf6 5. Nc3 Nc6 6. Bg5 h6 7. Bxf6 exf6 8. cxd5 Nb4 9. Bc4 Bd6 10. a3 Na6 11.
Qe2+ Qe7 12. Qxe7+ Bxe7 13. Nge2 O-O 14. O-O Rd8 15. Rfe1 Nc7 16. Rac1 b6 17. Nf4 Bf8 18. Nd3 Bb7 19. Nb4 Rac8 20. Nc6 Bxc6 21. dxc6 Rxd4 22.
Be2 g5 23. Rcd1 Rcd8 24. Rxd4 Rxd4 25. h3 f5 26. Nb5 Nxb5 27. Bxb5 Bd6 28. g3 Kf8 29.
Re8+ Kg7 30. Rc8 Rd1+ 31. Kg2 Rc1 32. b3 Rc2 33. Bc4 f4 34. c7 fxg3 35. Rg8+ Kxg8 36.
c8=Q+ Kg7 37. Qd7 Rxf2+ 38. Kg1 Bc5 39. b4 Rd2+ 40. bxc5 Rxd7 41. c6 Rd6 42. Bb5 Rd1+ 43. Kg2 Rc1 44. Kxg3 f5 45. a4 Kf6 46. Kf3 Ke5 47. Ke3 h5 48. Kd2 Rc5 49. Ke3 Kd6 50.
Kd4 Rxc6 0-1

[Event "Early-Titled-Tuesday-Blitz-February-27-2024"]
[Site "Chess.com"]
[Date "2024.02.27"]
[Round "6"]
[White "abelmat"]
[Black "NowInChess"]
[Result "0-1"]
[WhiteElo "2065"]
[BlackElo "2251"]
[TimeControl "180+1"]
[EndTime "9:04:49 PST"]
[Termination "NowInChess won on time"]

1. d4 Nf6 2. c4 c5 3. Nf3 cxd4 4. Nxd4 e5 5. Nb3 d5 6. cxd5 Qxd5 7. Nc3 Qxd1+ 8. Nxd1 Nc6 9. Bd2 Be6 10. Nc3 Nb4 11. O-O-O Rc8 12. Kb1 Bf5+ 13. e4 Nxe4 14. Bb5+ Ke7 15.
Nxe4 Bxe4+ 16. Ka1 Nc2+ 17. Kb1 Nd4+ 18. Ka1 Nxb5 19.
Rhe1 Bc2 20. Rc1 Kf6 21. h4 h6 22. f4 Bd6 23. fxe5+ Bxe5 24. Rf1+ Kg6 25. h5+ Kh7 26.
Rxf7 Bxb3 27. axb3 Nd4 28. Ka2 Rxc1 29. Bxc1 Rc8 30.
Be3 Nc2 31. Bd2 Rc7 32. Rxc7 Bxc7 33. b4 Bd6 34. Kb3 Nd4+ 35. Kc4 Nf5 36. b5 b6 37. Kd5 Bc5 0-1

[Event "Early-Titled-Tuesday-Blitz-February-27-2024"]
[Site "Chess.com"]
[Date "2024.02.27"]
[Round "6"]
[White "DenLaz"]
[Black "blitzking1729"]
[Result "0-1"]
[WhiteElo "3029"]
[BlackElo "2735"]
[TimeControl "180+1"]
[EndTime "9:04:51 PST"]
[Termination "blitzking1729 won by resignation"]

1. d4 d5 2. c4 e6 3. Nf3 Nf6 4. g3 dxc4 5. Bg2 a6 6. O-O Nc6 7. e3 Rb8 8. Nfd2 e5 9. Bxc6+ bxc6 10. dxe5 Ng4 11. Nxc4 Be6 12. Nbd2 h5 13. Qe2 h4 14. Nf3 hxg3 15. hxg3 Qd5 16. Ncd2 Nxe5 17. e4 Nxf3+ 18.
Qxf3 Qd7 19. Nb3 Bg4 20. Qf4 Rb5 21. e5 Be2 22. e6 Qxe6 23. g4 Bxf1 24. Kxf1 Bd6 25.
Qe3 Qxe3 26. fxe3 Rh1+ 27. Ke2 Rg5 28. Nd4 Kd7 29. Kd3 Rxg4 30. b3 Rgg1 31. Ne2 Re1 32. a4 g5 33. e4 g4 34. Ra2 Rxc1 0-1

[Event "Early-Titled-Tuesday-Blitz-February-27-2024"]
[Site "Chess.com"]
[Date "2024.02.27"]
[Round "6"]
[White "Abund"]
[Black "Sanan_Sjugirov"]
[Result "0-1"]
[WhiteElo "2765"]
[BlackElo "2980"]
[TimeControl "180+1"]
[EndTime "9:04:51 PST"]
[Termination "Sanan_Sjugirov won on time"]

1. e4 c5 2. Nf3 Nc6 3. Bb5 e6 4. O-O Nge7 5. Re1 a6 6. Bf1 d5 7. exd5 Nxd5 8. d4 Nf6 9. Be3 Be7 10. c4 O-O 11. Nc3 cxd4 12. Nxd4 Ne5 13. h3 Bd7 14.
Rc1 Rc8 15. b3 Qc7 16. Qe2 Ng6 17. Red1 Rfd8 18. Nf3 Ba3 19. Rc2 Bb4 20. Nb1 Bc6 21. Rcc1 Nf4 22. Bxf4 Qxf4 23. Qe5 Qxe5 24. Nxe5 Be4 25.
Bd3 Bd6 26. Nc3 Bxg2 27. Nxf7 Kxf7 28. Kxg2 Bf4 29. Rb1 Be5 30. Ne4 Nh5 31. Ng5+ Ke7 32. Bxh7 Nf4+ 33. Kf1 g6 34. h4 Bf6 35. Ne4 Bxh4 36. Re1 Rh8 37. Bxg6 Nxg6 38. Re3 Nf4 39. Rf3 Rcf8 40. Rd1 Bg5 0-1

[Event "Early-Titled-Tuesday-Blitz-February-27-2024"]
[Site "Chess.com"]
[Date "2024.02.27"]
[Round "6"]
[White "jcibarra"]
[Black "krzyzan94"]
[Result "1-0"]
[WhiteElo "2952"]
[BlackElo "2791"]
[TimeControl "180+1"]
[EndTime "9:04:52 PST"]
[Termination "jcibarra won on time"]

1. e4 c6 2. Nf3 d5 3. d3 g6 4.
Qe2 Bg7 5. g3 Bg4 6. Nbd2 Nd7 7.
h3 Bxf3 8. Nxf3 e6 9. Bg2 Ne7 10. O-O O-O 11. e5 c5 12. c4 h6 13. h4 Nc6 14. Bf4 Qe7 15. Rfe1 Rae8 16. a3 Kh7 17. Rac1 d4 18. b4 a6 19. Rb1 Ra8 20. b5 axb5 21.
cxb5 Nd8 22. Nd2 Nb6 23. Rb3 c4 24. Nxc4 Nxc4 25. dxc4 Rxa3 26. Rxa3 Qxa3 27. Rd1 Qc5 28. Bf1 f6 29. exf6 Bxf6 30. Qe4 Qf5 31. Bd3 Qxe4 32. Bxe4 e5 33. Bd2 Rf7 34. c5 Ne6 35. h5 Nxc5 36. Bxg6+ Kg7 37. Bxf7 Kxf7 38. Bxh6 e4 39. g4 Ne6 40. g5 Bxg5 41. Bxg5 Nxg5 42. Rc1 d3 43. Kf1 Ne6 44. Rc4 Ng5 45. Rc7+ Ke6 46. h6 Kd5 47. h7 Nxh7 48. Rxh7 b6 49. Ke1 Kc5 50. Rh5+ Kd4 51. Kd2 1-0

[Event "Early-Titled-Tuesday-Blitz-February-27-2024"]
[Site "Chess.com"]
[Date "2024.02.27"]
[Round "6"]
[White "hurricane7791"]
[Black "xasid81"]
[Result "0-1"]
[WhiteElo "2709"]
[BlackElo "2552"]
[TimeControl "180+1"]
[EndTime "9:04:52 PST"]
[Termination "xasid81 won by resignation"]

1. d4 d5 2. c4 c6 3. Nf3 Nf6 4.
Nc3 e6 5. e3 Nbd7 6. Qc2 Be7 7.
Bd3 O-O 8. O-O h6 9. e4 dxe4 10. Nxe4 Nxe4 11. Bxe4 Nf6 12. Bd3 b6 13. Rd1 Bb7 14.
a3 Qc7 15. c5 a5 16. Be3 bxc5 17. dxc5 Ba6 18. Bd4 Bxd3 19. Rxd3 Qb7 20. Ne5 Rad8 21. Rad1 Rd5 22. Nc4 Bxc5 23. Bxf6 gxf6 24. Nxa5 Qb5 25. Rg3+ Rg5 26. b4 Bb6 27. Nxc6 Kg7 28. a4 Qa6 29. a5 Bc7 30. Rxg5+ hxg5 31. h3 Rc8 32. Ne7 Bh2+ 33. Kxh2 Rxc2 34. Rd4 Rxf2 35. Rg4 Qd6+ 36. Kg1 Ra2 37. Nc8 Qc7 38. Nb6 Qc1+ 39. Kh2 f5 40. Rg3 Qf4 41. Nd7 Ra3 0-1

[Event "Early-Titled-Tuesday-Blitz-February-27-2024"]
[Site "Chess.com"]
[Date "2024.02.27"]
[Round "6"]
[White "N4700000"]
[Black "HanSchut"]
[Result "1-0"]
[WhiteElo "2454"]
[BlackElo "2297"]
[TimeControl "180+1"]
[EndTime "9:04:52 PST"]
[Termination "N4700000 won by checkmate"]

1. e4 c5 2. a3 g6 3. h4 Bg7 4. h5 Nc6 5. Nc3 e6 6. Bc4 Nge7 7. d3 d5 8. Ba2 b5 9. Bd2 dxe4 10. Nxe4 Bxb2 11.
Rb1 Bd4 12. Nf3 f5 13. Nxd4 fxe4 14. Nxb5 exd3 15. hxg6 Nxg6 16. Bc3 Nd4 17. Qxd3 O-O 18. Nxd4 cxd4 19. Bxd4 Qg5 20. Qe4 Qf5 21. Qxa8 Qxc2 22. O-O Qf5 23. Qf3 Qg5 24. Qg3 Qf5 25. Rb8 Bb7 26. Rxf8+ Kxf8 27. Re1 e5 28. Bc5+ Kg7 29. Qh3 Qf6 30. Qd7+ Kh6 31. Qxb7 Nf4 32. Be3 Qg5 33. Bxf4 exf4 34. Qf3 Kg6 35. Re6+ Kf7 36. Qb7+ Kf8 37. Qc8+ Kf7 38. Qd7+ Kf8 39. Re8# 1-0

[Event "Early-Titled-Tuesday-Blitz-February-27-2024"]
[Site "Chess.com"]
[Date "2024.02.27"]
[Round "6"]
[White "WindWhistler11"]
[Black "vovachesss"]
[Result "0-1"]
[WhiteElo "2504"]
[BlackElo "2774"]
[TimeControl "180+1"]
[EndTime "9:04:53 PST"]
[Termination "vovachesss won on time"]

1. Nf3 d5 2. g3 Nd7 3. c4 dxc4 4.
Na3 Nb6 5. Qc2 Qd5 6. Bg2 Bf5 7. Qc3 Nf6 8. Nh4 Be4 9. f3 Bg6 10. O-O e6 11. b3 Bc5+ 12. e3 Bd3 13. Re1 cxb3 14.
axb3 O-O 15. Bb2 a5 16. f4 Be4 17. Bxe4 Qxe4 18. Qxc5 Rad8 19. Re2 Qd3 20. Rae1 Qxb3 21. Bxf6 gxf6 22. Nb5 Rd5 23. Nd4 Rxc5 24. Nxb3 Rb5 25. Nd4 Rb2 26. g4 c5 27. Ndf3 a4 28. Ra1 Ra8 29.
Ne1 a3 30. Nd3 Rc2 31. Nf3 Nd5 32. Nfe1 Rc4 33. h4 b5 34. g5 b4 35. gxf6 b3 36.
Rb1 a2 37. Ra1 Nb4 38. Nb2 Rc2 39. Nxc2 Nxc2 40. Ree1 Nxe1 0-1

[Event "Early-Titled-Tuesday-Blitz-February-27-2024"]
[Site "Chess.com"]
[Date "2024.02.27"]
[Round "6"]
[White "ProChessWICTH"]
[Black "Muslim_player_05"]
[Result "0-1"]
[WhiteElo "2506"]
[BlackElo "2467"]
[TimeControl "180+1"]
[EndTime "9:04:53 PST"]
[Termination "Muslim_player_05 won on time"]

1. e4 c5 2. Nf3 g6 3. c3 d5 4. e5 a6 5. d4 Nc6 6. Be2 Bg7 7.
O-O f6 8. exf6 Nxf6 9. dxc5 O-O 10. Nbd2 e5 11. Nb3 Be6 12. Bg5 h6 13. Bh4 g5 14.
Bg3 Ne4 15. Nfd2 Nxg3 16. hxg3 Qd7 17. c4 d4 18. Ne4 Ne7 19. Bf3 Bxc4 20. Re1 Bd5 21. Ned2 Rf7 22. Bxd5 Nxd5 23. Ne4 Raf8 24. Rc1 g4 25. Qe2 h5 26. c6 bxc6 27. Qxa6 Ne7 28.
Qc4 Qd5 29. Re2 Bh6 30. Nbd2 Ra8 31. Qxd5 cxd5 32. Nd6 Rf6 33. Rc7 Rxd6 34. Rxe7 d3 0-1

[Event "Early-Titled-Tuesday-Blitz-February-27-2024"]
[Site "Chess.com"]
[Date "2024.02.27"]
[Round "6"]
[White "Chess_Gainz"]
[Black "jcmesafischer"]
[Result "0-1"]
[WhiteElo "2519"]
[BlackElo "2373"]
[TimeControl "180+1"]
[EndTime "9:04:54 PST"]
[Termination "jcmesafischer won on time"]

1. e4 c5 2. Nf3 d6 3. d4 cxd4 4. Nxd4 Nf6 5. Nc3 a6 6. h3 e5 7. Nde2 Be7 8. g4 h6 9. Bg2 Be6 10. Ng3 b5 11. O-O Nbd7 12. Nd5 Bxd5 13. exd5 O-O 14. Be3 Nh7 15. Nf5 Re8 16. Qd2 Ndf8 17.
f4 exf4 18. Bxf4 Ng6 19. Bxh6 Bf8 20. Be3 Nf6 21. Bd4 Ne4 22. Qd3 Nc5 23. Qg3 Ne4 24. Qd3 Nc5 25. Qf3 Ne5 26. Qf2 g6 27. Ng3 Qc7 28.
Rae1 Bg7 29. Ne4 Rad8 30. Nf6+ Bxf6 31. Qxf6 Ncd7 32. Qf2 Qc4 33. b3 Qc7 34. Kh1 Nf8 35.
Bb2 Rc8 36. Rc1 Qd8 37. Bf3 Nfd7 38. Qg2 Qg5 0-1

[Event "Early-Titled-Tuesday-Blitz-February-27-2024"]
[Site "Chess.com"]
[Date "2024.02.27"]
[Round "6"]
[White "TheAlienParty"]
[Black "DonCiao"]
[Result "1-0"]
[WhiteElo "2400"]
[BlackElo "2093"]
[TimeControl "180+1"]
[EndTime "9:04:55 PST"]
[Termination "TheAlienParty won on time"]

1. c4 Nf6 2. Nc3 d5 3. cxd5 Nxd5 4. g3 g6 5. Bg2 Nb6 6. d4 Bg7 7. Nf3 Nc6 8. e3 O-O 9. O-O Re8 10. b3 a5 11. Bb2 a4 12. Rc1 a3 13. Ba1 Nb4 14.
Qe2 c6 15. Rfd1 N6d5 16. Ne4 Bf5 17. Nc5 Bc8 18. e4 Nc7 19. d5 cxd5 20. exd5 Bxa1 21.
Rxa1 Ncxd5 22. Ne5 e6 23. Rac1 b6 24. Ne4 Bb7 25. Ng4 Qe7 26. Qd2 f5 27. Nh6+ Kg7 28.
Ng5 Rad8 29. Re1 Nd3 30. Nxe6+ Qxe6 31. Rxe6 Rxe6 32. Qxd3 Kxh6 33. b4 Red6 34. Qxa3 Nxb4 35. Bxb7 Nd3 36. Rd1 Rd4 37. Ba6 b5 38. Bxb5 Nf4 39.
Rxd4 Ne2+ 40. Bxe2 Rxd4 41. Qe3+ f4 42. Qxd4 f3 43. Qh4+ Kg7 44. Bxf3 h5 45. Qe7+ Kh6 46. Be4 1-0

[Event "Early-Titled-Tuesday-Blitz-February-27-2024"]
[Site "Chess.com"]
[Date "2024.02.27"]
[Round "6"]
[White "Natalya_Buksa"]
[Black "the_blue_pill"]
[Result "1-0"]
[WhiteElo "2612"]
[BlackElo "2416"]
[TimeControl "180+1"]
[EndTime "9:04:56 PST"]
[Termination "Natalya_Buksa won by resignation"]

1. d4 Nf6 2. Nc3 d5 3. Bf4 c6 4. e3 Bf5 5. Nf3 e6 6. Ne5 Bd6 7. g4 Bg6 8. h4 h5 9. Nxg6 fxg6 10. Bd3 Kf7 11. Bxd6 Qxd6 12. g5 Nfd7 13. Qf3+ Ke7 14. Bxg6 e5 15. Bxh5 e4 16. Qe2 Na6 17. Bg4 Raf8 18.
O-O-O Nc7 19. f3 exf3 20. Bxf3 Kd8 21. Bg4 Re8 22. Kb1 Qg3 23. Rh3 Qd6 24. e4 dxe4 25.
Nxe4 Qf4 26. Bf3 Rxh4 27. Rxh4 Qxh4 28. Qg2 Nd5 29. Nd6 Ne3 30. Qd2 Nxd1 31. Nxe8 Kxe8 32. Bxd1 Kd8 33. a3 Nb6 34. Bf3 Qg3 35. Be4 Nc4 36. Qd3 Qe1+ 37. Ka2 Nd6 38. Bf3 Qg3 39. d5 c5 40. Qg6 b6 41. Qe6 Qf4 42. Be2 Kc7 43. g6 Ne4 44. Qe7+ Kb8 45. Ba6 Qc7 46. Qe8+ 1-0

[Event "Early-Titled-Tuesday-Blitz-February-27-2024"]
[Site "Chess.com"]
[Date "2024.02.27"]
[Round "6"]
[White "Alexei_Gubajdullin"]
[Black "Slovineanu"]
[Result "1/2-1/2"]
[WhiteElo "2641"]
[BlackElo "2476"]
[TimeControl "180+1"]
[EndTime "9:04:57 PST"]
[Termination "Game drawn by repetition"]

1. d4 Nf6 2. Nf3 e6 3. Bf4 d5 4.
e3 c5 5. Nbd2 Bd6 6. Ne5 Qc7 7. Bb5+ Nbd7 8. Nxd7 Bxd7 9. Bxd6 Qxd6 10. Bxd7+ Nxd7 11. O-O O-O 12. c3 e5 13. dxe5 Nxe5 14.
Nf3 Rad8 15. Nxe5 Qxe5 16. Qf3 Rd6 17. Rfd1 Rfd8 18. Rd2 b6 19. Rad1 g6 20. h4 h5 21.
g3 Kg7 22. Qf4 Qxf4 23. gxf4 Kf6 24. Kg2 Ke6 25. Kf3 b5 26. b4 Rc8 27. a3 cxb4 28. cxb4 Rc4 29. Rd3 Rc2 30. Kg3 Rc4 31. f3 f5 32.
R1d2 Rc1 33. e4 fxe4 34. fxe4 d4 35. e5 Rd5 36. Rxd4 Rc3+ 37. Kf2 Rxd4 38. Rxd4 Kf5 39. Rd5 Kxf4 40. Rxb5 Rxa3 41. e6 Rf3+ 42. Kg2 Re3 43. Ra5 Rxe6 44. Rxa7 Kg4 45. b5 Kxh4 46. Ra6 Re2+ 47.
Kf1 Rb2 48. Rxg6 Rxb5 49. Ra6 Rb3 50. Kg2 Rg3+ 51. Kh1 Kh3 52. Ra1 h4 53. Rc1 Re3 54. Rd1 Kg3 55. Rc1 h3 56. Rd1 Rf3 57. Rc1 Rf2 58. Rd1 Rh2+ 59. Kg1 Rg2+ 60. Kh1 Rh2+ 61.
Kg1 Rg2+ 62. Kh1 Rh2+ 1/2-1/2

[Event "Early-Titled-Tuesday-Blitz-February-27-2024"]
[Site "Chess.com"]
[Date "2024.02.27"]
[Round "6"]
[White "NastyaHn"]
[Black "sokidze"]
[Result "0-1"]
[WhiteElo "2455"]
[BlackElo "2761"]
[TimeControl "180+1"]
[EndTime "9:04:57 PST"]
[Termination "sokidze won on time"]

1. Nc3 Nf6 2. e4 e5 3. Nf3 Nc6 4. d4 exd4 5. Nxd4 Bb4 6. Nxc6 bxc6 7. Bd3 d5 8. Bd2 O-O 9. O-O Rb8 10. exd5 cxd5 11.
Re1 h6 12. h3 c6 13. Rb1 Bd6 14. Qf3 Bb7 15. b4 Ba8 16. Na4 Ne4 17. Bxe4 dxe4 18.
Qxe4 c5 19. Qg4 cxb4 20. Bxh6 Qf6 21. Bc1 Bc6 22. Nb2 Rfe8 23. Nd3 Rxe1+ 24. Nxe1 Re8 25. Nd3 a5 26. Bb2 Qh6 27. Bc1 Qe6 28. Qxe6 Rxe6 29. Be3 Bd5 30. Rb2 Re4 31. Kf1 Be7 32. Nf4 Bf6 33. Rb1 Bxa2 34. Rd1 Bc4+ 0-1

[Event "Early-Titled-Tuesday-Blitz-February-27-2024"]
[Site "Chess.com"]
[Date "2024.02.27"]
[Round "6"]
[White "toninhojit"]
[Black "JaackCamel"]
[Result "1-0"]
[WhiteElo "2473"]
[BlackElo "2199"]
[TimeControl "180+1"]
[EndTime "9:04:57 PST"]
[Termination "toninhojit won by resignation"]

1. d4 d5 2. c4 e6 3. Nf3 c6 4.
e3 Nf6 5. Be2 Nbd7 6. O-O dxc4 7. a4 b5 8. axb5 cxb5 9. b3 Bb7 10. bxc4 b4 11. c5 Be7 12. Nbd2 O-O 13. Nc4 a5 14. Nfe5 Qc7 15. Nxd7 Nxd7 16. Bb2 Bd5 17. Nd2 Nf6 18. Bd3 Qc6 19. f3 Qb7 20. e4 Bc6 21. Rb1 Rfd8 22.
Nc4 a4 23. Nb6 Rab8 24. Nxa4 Bb5 25. Bxb5 Qxb5 26. Qb3 Ra8 27. Nb6 Bxc5 28. Nxa8 Bxd4+ 29. Bxd4 Rxd4 30. Rfc1 h6 31. Nc7 Qb7 32. Qe3 e5 33.
Kh1 Kh7 34. Nd5 Nxd5 35. exd5 Qxd5 36. Qe2 b3 37. Rd1 g6 38. Rxd4 exd4 39. Qd3 b2 40. h3 Qa2 41. Qc2 d3 42. Qxb2 Qd5 43.
Rd1 Qd6 44. Qd2 Qg3 45. Qxd3 Qg5 46. Re1 Qf4 47. Qe3 Qc7 48. Qe7 1-0

[Event "Early-Titled-Tuesday-Blitz-February-27-2024"]
[Site "Chess.com"]
[Date "2024.02.27"]
[Round "6"]
[White "tylityli"]
[Black "Flaccidmoves"]
[Result "0-1"]
[WhiteElo "2291"]
[BlackElo "2450"]
[TimeControl "180+1"]
[EndTime "9:04:57 PST"]
[Termination "Flaccidmoves won on time"]

1. d4 Nf6 2. c4 g6 3. Nc3 Bg7 4. e4 O-O 5. Nge2 c5 6. Ng3 cxd4 7. Qxd4 Nc6 8. Qd1 e6 9. Be2 d5 10. Nxd5 exd5 11. exd5 Ne5 12. O-O b6 13. b3 Nfd7 14. Rb1 f5 15. h3 a5 16. Ba3 Nc5 17. Bb2 f4 18. Nh1 Bf5 19. Bxe5 Bxe5 20. Rc1 Qg5 21.
Bg4 Bxg4 22. Qxg4 Qxg4 23. hxg4 Rae8 24. Rcd1 Bd6 25. f3 Re2 26. Rf2 Rfe8 27. Rd2 Rxd2 28. Rxd2 Re1+ 29. Kh2 Kf7 30. Nf2 Kf6 31. Nd1 Be5 32.
Nf2 Ke7 33. g5 Kd6 34. Ng4 Bg7 35. g3 fxg3+ 36. Kxg3 Rb1 37. Kf4 Rb2 38. Rxb2 Bxb2 39. Ke3 Nd7 40. f4 Bc1+ 41. Kf3 Bd2 42. Nf2 Nc5 43.
Ng4 Bc3 44. Nf2 Bg7 45. Ke3 Ke7 46. Ng4 Nd7 47. Ke4 Nc5+ 48. Ke3 Na6 49. Nf2 Nb4 50. Ne4 Nxa2 51. c5 bxc5 52. Nxc5 Nb4 53. Ke4 Bc3 54. Ne6 Na6 0-1

[Event "Early-Titled-Tuesday-Blitz-February-27-2024"]
[Site "Chess.com"]
[Date "2024.02.27"]
[Round "6"]
[White "tsaruk_maks"]
[Black "OneTrickPony_82"]
[Result "1-0"]
[WhiteElo "2747"]
[BlackElo "2547"]
[TimeControl "180+1"]
[EndTime "9:04:58 PST"]
[Termination "tsaruk_maks won by resignation"]

1. d4 Nf6 2. c4 e6 3. Nf3 d5 4. cxd5 exd5 5. Bg5 c6 6. Nc3 Be7 7. e3 h6 8. Bh4 Bf5 9. Bd3 Bxd3 10. Qxd3 O-O 11.
O-O Nbd7 12. Rab1 Re8 13. b4 a6 14. a4 Ne4 15. Bg3 Nxg3 16. hxg3 b5 17. a5 Bd6 18. e4 dxe4 19. Nxe4 Nf6 20. Nxf6+ Qxf6 21. Rfc1 Bf8 22. Ne5 Rac8 23. Rb3 Red8 24. Qe4 Rd6 25. Rf3 Qe6 26. Rxf7 Rcd8 27. Qf4 Be7 28. Rxe7 Qxe7 29. Nxc6 Rxc6 30. Rxc6 Qe1+ 31. Kh2 Qxb4 32. Rxa6 Qxd4 33. Ra8 Kh7 34. Rxd8 Qxd8 35. a6 Qb6 36. Qf5+ Kg8 37. Qc8+ Kh7 38. Qb7 Qg6 39. Qxb5 Qf7 40. Qd3+ g6 41. Qf3 Qa7 42. Qb7+ 1-0

[Event "Early-Titled-Tuesday-Blitz-February-27-2024"]
[Site "Chess.com"]
[Date "2024.02.27"]
[Round "6"]
[White "Zhigalko_Sergei"]
[Black "Szparu"]
[Result "0-1"]
[WhiteElo "2905"]
[BlackElo "2781"]
[TimeControl "180+1"]
[EndTime "9:04:59 PST"]
[Termination "Szparu won on time"]

1. e4 d5 2. exd5 Nf6 3. d4 Nxd5 4. c4 Nb6 5. Nf3 g6 6. Nc3 Bg7 7. c5 N6d7 8. Bc4 O-O 9. O-O e5 10. Bg5 Bf6 11. Bxf6 Qxf6 12. Nd5 Qd8 13. Nxe5 Nxe5 14. dxe5 Be6 15. Nf6+ Kg7 16. Bxe6 fxe6 17. Qb3 Nc6 18. Rad1 Qc8 19. f4 Rf7 20. Rd2 Qf8 21. Qc4 Rd8 22. Rfd1 Rxd2 23. Rxd2 Qc8 24. b4 Ne7 25. Rd7 Nf5 26. Qxe6 Rxd7 27. Nxd7 Qd8 28. g4 Nd4 29. Qf6+ Qxf6 30. exf6+ Kf7 31. Kf2 Ke6 32. Ne5 Kxf6 33. Nd3 Ke6 34. Ke3 Kd5 35. h4 h5 36. gxh5 gxh5 37.
Kd2 Nf3+ 38. Kc3 Nxh4 39. b5 Ke4 40. c6 b6 41. a4 Nf3 42. Nb4 h4 43. Na6 h3 44.
Nxc7 h2 45. Ne6 h1=Q 46. c7 Qh8+ 0-1

[Event "Early-Titled-Tuesday-Blitz-February-27-2024"]
[Site "Chess.com"]
[Date "2024.02.27"]
[Round "6"]
[White "Yurovskykh_Oleksandr"]
[Black "Salem-AR"]
[Result "0-1"]
[WhiteElo "2679"]
[BlackElo "3027"]
[TimeControl "180+1"]
[EndTime "9:04:59 PST"]
[Termination "Salem-AR won by resignation"]

1. d4 Nf6 2. Nf3 g6 3. Bf4 Bg7 4. e3 O-O 5. Be2 c5 6. c3 Qb6 7. Qb3 d6 8. Qxb6 axb6 9. h3 Bd7 10. O-O Bc6 11. Nbd2 Nbd7 12. a3 b5 13. Rfc1 c4 14.
Bd1 Nb6 15. Bc2 Na4 16. Rab1 Nd5 17. Bxa4 Rxa4 18. Bg5 h6 19. Bh4 f5 20. Re1 g5 21.
Bg3 Nf6 22. Nh2 Nh5 23. Nhf1 Raa8 24. f3 e5 25. Bf2 Rad8 26. g4 fxg4 27. hxg4 Nf6 28.
e4 h5 29. d5 Bd7 30. gxh5 g4 31. Bh4 Rde8 32. Ne3 gxf3 33. Kf2 Nxh5 34. Bg5 Nf4 35. Bxf4 Rxf4 36. Rh1 Bf6 37. Rbg1+ Kf8 38. Rh7 Bh4+ 39. Kf1 Bh3+ 40. Ng2 fxg2+ 41. Ke2 Bg4+ 0-1

[Event "Early-Titled-Tuesday-Blitz-February-27-2024"]
[Site "Chess.com"]
[Date "2024.02.27"]
[Round "6"]
[White "jens1102"]
[Black "viktorgen2021"]
[Result "0-1"]
[WhiteElo "2670"]
[BlackElo "2534"]
[TimeControl "180+1"]
[EndTime "9:04:59 PST"]
[Termination "viktorgen2021 won by checkmate"]

1. e4 g6 2. h4 h5 3. d4 Bg7 4. Be3 d6 5. Qd2 Nf6 6. f3 c6 7. c4 Nbd7 8. Nc3 O-O 9. Nh3 a6 10. a4 a5 11. Nf2 e5 12. d5 Qe7 13.
O-O-O cxd5 14. cxd5 b6 15. Bb5 Nc5 16. Kb1 Bd7 17.
Nd3 Bxb5 18. Nxc5 bxc5 19. Nxb5 Rfb8 20. Ka2 Ne8 21. g4 hxg4 22. fxg4 Nc7 23. Nc3 Rb4 24.
h5 Rab8 25. Rb1 Qd7 26. Qc2 c4 27. hxg6 fxg6 28. Ka1 Na6 29. g5 Rb3 30. Qh2 Kf7 31.
Rbf1+ Ke7 32. Qh7 Kd8 33. Qg8+ Qe8 34. Qf7 Rxb2 35. Rh7 R2b3 36. Nb5 R8xb5 37. axb5 Ra3+ 38. Kb2 Qxb5+ 39. Kc2 Qb3+ 40. Kd2 Ra2+ 41. Ke1 Qb1+ 42. Bc1 Qxc1# 0-1

[Event "Early-Titled-Tuesday-Blitz-February-27-2024"]
[Site "Chess.com"]
[Date "2024.02.27"]
[Round "6"]
[White "AniJak"]
[Black "Chessdreamer2020"]
[Result "1-0"]
[WhiteElo "2381"]
[BlackElo "2524"]
[TimeControl "180+1"]
[EndTime "9:04:59 PST"]
[Termination "AniJak won on time"]

1. e4 d6 2. d4 Nf6 3. Nc3 c6 4. a4 e5 5. Nge2 Nbd7 6. g3 Be7 7. Bg2 O-O 8. O-O Re8 9. h3 Bf8 10. g4 exd4 11. Nxd4 Nc5 12. Re1 a5 13. Bg5 Be7 14. Nf5 Bxf5 15. exf5 d5 16. Qf3 Qb6 17. b3 Nfe4 18.
Bxe7 Rxe7 19. f6 gxf6 20. Ne2 Rae8 21. Kh2 Ne6 22. Ng3 Nd4 23. Qf4 Nxc2 24. Nf5 Re5 25.
Rxe4 dxe4 26. Rg1 e3 27. fxe3 Nxe3 28. Qh6 Nxf5 29. gxf5 Re2 30. Kh1 Re1 31. Bf1+ Qxg1+ 32. Kxg1 Rb1 33. Qxf6 Ree1 34. Qd8+ Kg7 35. Qg5+ Kf8 36.
Qd8+ Kg7 37. Qg5+ 1-0